 Dungeon Crawl Stone Soup version 0.18.1-1-g2f07953 (webtiles) character file.

32 oplop the Insei (level 3, -1/23 HPs)
             Began as an Octopode Transmuter on May 7, 2016.
             Slain by a kobold
             ... wielding a cursed +0 short sword
              (4 damage)
             ... on level 2 of the Dungeon.
             The game lasted 00:01:06 (796 turns).

oplop the Insei (Octopode Transmuter)                Turns: 796, Time: 00:01:07

Health: -1/23      AC:  1    Str:  9    XL:     3   Next: 27%
Magic:  5/6        EV: 12    Int: 16    God:
Gold:   82         SH:  0    Dex: 12    Spells: 1 memorised, 5 levels left

rFire  + . .     SeeInvis .       - Unarmed
rCold  . . .     Gourm    .     (no shield)
rNeg   . . .     Faith    .     (helmet restricted)
rPois  .         Spirit   .     (no amulet)
rElec  .         Dismiss  .     k - ring of protection from fire
rCorr  .         Reflect  .     (no ring)
SustAt .         Harm     .     (no ring)
MR     .....                    (no ring)
Stlth  ++........               (no ring)
                                (no ring)
                                (no ring)
                                (no ring)

@: appendage (expiring), not resistant to hostile enchantments, unstealthy
A: almost no armour, amphibious, 8 rings, constrict 8, tentacle spike 3,
camouflage 1, gelatinous body 1
a: End Transformation


You were on level 2 of the Dungeon.
You were not hungry.
One of your tentacles had a temporary spike.
You visited 1 branch of the dungeon, and saw 2 of its levels.

You collected 82 gold pieces.

Inventory:

Missiles
 a - 31 arrows
Jewellery
 i - an uncursed amulet of faith
 k - a ring of protection from fire (left tentacle)
 r - a +3 ring of dexterity {unknown}
Scrolls
 d - a scroll of amnesia {unknown}
 e - 3 scrolls of recharging {unknown}
 g - a scroll of remove curse {unknown}
 h - a scroll of teleportation {unknown}
 l - 5 scrolls of identify {unknown}
 m - 2 scrolls of enchant weapon {unknown}
 o - a scroll of magic mapping {unknown}
Potions
 j - a potion of resistance {unknown}
 q - a potion of curing {unknown}
Books
 b - a book of Changes

   Spells                             Type                      Level
   a - Beastly Appendage              Transmutation                1
   b - Sticks to Snakes               Transmutation                2
   c - Spider Form                    Transmutation/Poison         3
   d - Ice Form                       Ice/Transmutation            4
   e - Blade Hands                    Transmutation                5
Comestibles
 c - a bread ration
 f - 2 fruits
 n - a slice of pizza
 p - a beef jerky


   Skills:
 + Level 1.2 Fighting
 + Level 2.1 Dodging
 + Level 3.6 Unarmed Combat
 + Level 2.2 Spellcasting
 * Level 2.4 Transmutations


You had 5 spell levels left.
You knew the following spells:

 Your Spells              Type           Power        Failure   Level  Hunger
a - Beastly Appendage     Trmt           #.....       10%         1    #......


Dungeon Overview and Level Annotations

Branches:
Dungeon (2/15)

Altars:


Innate Abilities, Weirdness & Mutations

You cannot wear most types of armour.
You are amphibious.
You can wear up to eight rings at the same time.
You can use your tentacles to constrict eight enemies at once.
Your skin changes colour to match your surroundings (Stealth).
Your rubbery body absorbs attacks (AC +1).
One of your tentacles bears a large vicious spike.


Message History

The kobold is moderately wounded.
The kobold hits you with a short sword.
* * * LOW HITPOINT WARNING * * *
You are too injured to fight recklessly!
You are too injured to fight recklessly!
You are too injured to fight recklessly!
You tentacle-slap the kobold but do no damage.
Your grab misses the kobold.
The kobold is moderately wounded.
The kobold hits you with a short sword.
* * * LOW HITPOINT WARNING * * *
You barely miss the kobold. Your grab misses the kobold.
The kobold is moderately wounded.
The kobold hits you but does no damage.
You see here a dagger.
Casting: Beastly Appendage
Confirm with . or Enter, or press ? or * to list all spells.
One of your tentacles grows a vicious spike.
The kobold hits you with a short sword.
You die...

#..(.......
####.$.....#..
#.......#+##.. #.......#
#..$ #..# #.......# #.##
#..#.# #.......# #. #
#..#.# #.......# #. #
#..#.########.......#.#.
#
#..#.#...@K...........#.
#..#.#.################
#..#.#...# #<.#†###.##.#
#...).).....#
##.#.#.#.#### #.#.#.#...
#.#.####### #.#..


You could see a kobold.

Vanquished Creatures
  A worm (D:2)
  2 giant geckos (D:1)
  A ball python (D:1)
  2 bats
  A giant cockroach (D:1)
  4 goblins
  4 hobgoblins
  A giant newt (D:2)
  6 kobolds (D:1)
  2 rats (D:1)
24 creatures vanquished.

Notes
Turn   | Place    | Note
--------------------------------------------------------------
     0 | D:1      | oplop the Octopode Transmuter began the quest for the Orb.
     0 | D:1      | Reached XP level 1. HP: 13/13 MP: 3/3
    85 | D:1      | Reached XP level 2. HP: 7/18 MP: 5/5
   716 | D:2      | Reached XP level 3. HP: 21/23 MP: 4/6
   771 | D:2      | HP: 1/23 [kobold/short sword (5)]
   796 | D:2      | Slain by a kobold

Action                   || total
-------------------------++-------
Melee: Unarmed           ||    58
       Constrict         ||    14
       Tentacles         ||     5
       Kick              ||     9
       Punch             ||     1
 Cast: Beastly Appendage ||     9
 Stab: Sleeping          ||     3
Armor: Skin              ||     5
Dodge: Dodged            ||    43
